 Seeded DCSS version 0.27-a0-1083-gcf8293e (webtiles) character file.

Game seed: 3437728683516514889 (custom seed)

182 Illumine the Skirmisher (level 5, -4/43 HPs)
             Began as a Barachi Chaos Knight on Apr 26, 2021.
             Was a Plaything of Xom.
             Slain by a sun demon (22 damage)
             ... summoned by Xom
             ... on level 4 of the Dungeon.
             The game lasted 00:07:46 (3121 turns).

Illumine the Skirmisher (Barachi Chaos Knight)      Turns: 3121, Time: 00:07:47

Health: -4/43      AC:  7    Str: 15    XL:     5   Next: 62%
Magic:  5/5        EV: 11    Int: 12    God:    Xom [......]
Gold:   46         SH:  0    Dex: 11    Spells: 4/4 levels left

rFire    . . .     SeeInvis .   l - +1 whip (elec)
rCold    . . .     Faith    .   (no shield)
rNeg     . . .     Spirit   .   b - +2 leather armour
rPois    .         Reflect  .   h - +0 helmet
rElec    .         Harm     .   (no cloak)
rCorr    .         Rampage  .   o - +0 pair of gloves
Will     .....                  (no boots)
Stlth    +.........             (no amulet)
HPRegen  0.14/turn              (no ring)
MPRegen  0.09/turn              (no ring)

@: unable to hop, slow
A: amphibious, slowness 1, strong legs 1, +LOS
a: Hop, Renounce Religion


You were on level 4 of the Dungeon.
You worshipped Xom.
You were a very special plaything of Xom.
You visited 1 branch of the dungeon, and saw 4 of its levels.

You collected 46 gold pieces.

Inventory:

Hand Weapons
 a - a +0 short sword of chaos
 d - a +0 hunting sling
 k - a +0 short sword
 l - a +1 whip of electrocution (weapon)
Missiles
 e - 90 stones
 g - 21 sling bullets
 t - a curare-tipped dart
Armour
 b - a +2 leather armour (worn)
 h - a +0 helmet (worn)
 o - a +0 pair of gloves (worn)
 r - a +0 ring mail
Jewellery
 q - a ring of fire
Scrolls
 j - a scroll of magic mapping {unknown}
 m - a scroll of teleportation {unknown}
Potions
 c - 2 potions of curing
 i - a potion of lignification {unknown}
 n - a potion of invisibility {unknown}
 p - a potion of attraction {unknown}
 s - 2 potions of cancellation {unknown}


   Skills:
 + Level 4.6 Fighting
 - Level 4.4 Short Blades
 * Level 3.3 Maces & Flails
 - Level 0.3 Slings
 - Level 2.4 Armour
 - Level 2.1 Dodging


You had 4 spell levels left.
You didn't know any spells.
Your spell library contained the following spells:

 Spells                   Type           Power      Damage    Failure   Level
 Corona                   Hex            0%         N/A       38%         1
 Ensorcelled Hibernation  Hex/Ice        0%         N/A       52%         2
 Confusing Touch          Hex            0%         N/A       77%         3
 Dazzling Flash           Conj/Hex       0%         N/A       77%         3
 Tukima's Dance           Hex            0%         N/A       77%         3


Dungeon Overview and Level Annotations

Branches:
Dungeon (3/15)

Altars:

Annotations:
D:2 Robin


Innate Abilities, Weirdness & Mutations

You are amphibious.
You cover ground slowly.
You can hop short distances.
You have an extended range of vision and can be seen from far away.


Message History

The kobold brigand is heavily wounded.
The kobold brigand hits you but does no damage.
You hit the kobold brigand.
Lightning courses through the kobold brigand!!
You kill the kobold brigand!
Your Maces & Flails skill increases to level 3!
t - a curare-tipped dart You now have 46 gold pieces (gained 3).
Things that are here:
a +0 dagger; a kobold corpse You start resting. "Where it stops, nobody knows!"
Your surroundings seem slightly different.
You start resting.
HP restored. "Time to have some fun!"
The white imp barely misses you.
The white imp hits you but does no damage.
The sun demon barely misses you.
The white imp shouts, "Go and return not, thou pandering sheep-biting pustule!"
The white imp gestures at you. The puff of frost hits you.
The sun demon hits you.
You are engulfed in flames!!
Xom is interested.
Hop to where?
Press: ? - help, Dir - move target Boing!
Okay, then.
Unknown command.
Unknown command.
A hound comes into view.
The hound barks!
As you read the scroll labelled VANYMOELAI, it crumbles to dust.
It is a scroll of identify.
c - 2 potions of curing Xom is mildly amused.
The sun demon hits you!!
Ouch! That really hurt!
You die...
Xom cackles wildly!

####....#
#.5..#
#.5..#
#....# .
#....# ..
#....# ..
#....#
###.3#
##@# #.#
... #.h.#
##..#
#..# #..#
#... #.#.


You could see a sun demon (summoned), a hound, an iron imp (summoned) and a
white imp (summoned).

Vanquished Creatures
  A kobold brigand (D:4)
  An iguana (D:4)
  2 adders (D:3)
  2 dart slugs
  An orc (D:3)
  10 ball pythons
  A bat (D:3)
  7 endoplasms
  3 giant cockroaches
  12 goblins
  6 hobgoblins
  3 quokkas
  3 frilled lizards
  6 kobolds
  3 rats
61 creatures vanquished.

Notes
Turn   | Place    | Note
-------+----------+-------------------------------------------
     0 | D:1      | Illumine the Barachi Chaos Knight began the quest for the
                  | Orb.
     0 | D:1      | Reached XP level 1. HP: 18/18 MP: 1/1
   268 | D:1      | Reached XP level 2. HP: 20/24 MP: 2/2
   345 | D:1      | XOM: silly message
   373 | D:1      | XOM: silly message
   488 | D:1      | XOM: divination: magic mapping
   522 | D:1      | Found a faded altar of an unknown god.
   656 | D:1      | XOM: noise
   782 | D:1      | You fall into a shaft and drop 1 floor!
   789 | D:2      | Reached XP level 3. HP: 24/29 MP: 3/3
  1022 | D:2      | XOM: divination: magic mapping
  1271 | D:2      | XOM: silly message
  1311 | D:2      | Noticed Robin
  1702 | D:2      | HP: 1/30 [Robin/+0 mace (9)]
  1704 | D:2      | XOM: confuse monster(s)
  2110 | D:2      | XOM: silly message
  2415 | D:3      | Reached XP level 4. HP: 33/37 MP: 4/4
  2488 | D:3      | Reached skill level 1 in Maces & Flails
  2647 | D:3      | XOM: 2-stop teleportation journey
  2764 | D:3      | You fall into a shaft and drop 1 floor!
  2791 | D:4      | Noticed a centaur
  3001 | D:4      | Noticed a kobold brigand
  3008 | D:4      | XOM: swap monsters
  3023 | D:4      | Reached XP level 5. HP: 41/42 MP: 5/5
  3034 | D:4      | Killed a kobold brigand
  3067 | D:4      | XOM: 1-stop teleportation journey
  3108 | D:4      | XOM: summons 3 hostile demons
  3109 | D:4      | Noticed a sun demon
  3121 | D:4      | Slain by a sun demon

Illustrated notes

Levels and vault maps discovered:
D:1:      wander_arrival_fairy_ring, layout_loops_corners,
          ebering_ecumenical_altar_abandoned, grunt_decor_cap
D:2:      layout_basic, uniq_robin
D:3:      layout_basic, grunt_ministairs_15, minmay_snake_closets
D:4:      cheibrodos_pilgrimage, layout_basic, amethyst_overflow_temple_binary,
          serial_shops, kennysheep_mini_moat, minmay_fractal_squares_diagonal_5

Skill      XL: |  1  2  3  4  5 |
---------------+----------------+-----
Short Blades   | 4 |  4.4
Dodging        | 2 |  2.1
Maces & Flails | 2 3 |  3.3
Fighting       | 4 |  4.6
Slings         | |  0.3
Armour         | |  2.4

Action                   |  1- 3 |  4- 6 || total
-------------------------+-------+-------++-------
Melee: Short sword       |   103 |       ||   103
       Whip              |    19 |    43 ||    62
 Fire: Hunting sling     |    28 |     6 ||    34
 Abil: Hop               |     3 |     1 ||     4
  Use: Scroll            |       |     1 ||     1
Armor: Leather armour    |    33 |    15 ||    48
Dodge: Dodged            |    69 |    27 ||    96

Table legend: (Time is in decaauts)
 A = Elapsed time spent in this place.
 B = Non-inter-level travel time spent in this place.
 C = Inter-level travel time spent in this place.
 D = Time resting spent in this place.
 E = Time spent auto-exploring this place.
 F = Levels seen in this place.
 G = Mean time per level.
                   A        B        C        D        E       F      G
               +--------+--------+--------+--------+--------+-----+--------+
         Total |   3329 |   3269 |     60 |   1471 |   1056 |   4 |  832.2 |
       Dungeon |   3329 |   3269 |     60 |   1471 |   1056 |   4 |  832.2 |
               +--------+--------+--------+--------+--------+-----+--------+

Top non-repeatable levels by time:
     D:1: 1367 daAuts
     D:3: 841 daAuts
     D:2: 746 daAuts
     D:4: 374 daAuts
